 Dungeon Crawl Stone Soup version bcrawl-1.12-11-gb93c957c58 (console) character file.

Game seed: 8957494142817354816

31 Lexodia the Ducker (level 3, -2/36 HPs)
             Began as an Ogre Archaeologist on July 3, 2019.
             Slain by a hobgoblin
             ... wielding a +0 club
              (4 damage)
             ... on level 3 of the Dungeon.
             The game lasted 00:02:00 (972 turns).

Lexodia the Ducker (Ogre Archaeologist)              Turns: 972, Time: 00:02:00

Health: -2/36      AC:  5    Str: 16    XL:     3   Next: 22%
Magic:  3/3        EV: 10    Int: 15    God:
Gold:   118        SH:  0    Dex:  7    Spells: 2/2 levels left

rFire    . . .     SeeInvis .   j - +0 short sword
rCold    . . .     Gourm    .   (no shield)
rNeg     . . .     Faith    .   a - +1 robe
rPois    .         Spirit   .   b - +1 hat
rElec    .         Reflect  .   (no cloak)
rCorr    .         Harm     .   (gloves unavailable)
MR       .....                  (boots unavailable)
Stlth    ++........             (no amulet)
HPRegen  0.12/turn              (no ring)
MPRegen  0.08/turn              (no ring)

@: studying Axes
A: large, unfitting armour, tough skin 1
a: no special abilities


You were on level 3 of the Dungeon.
You were not hungry.

You visited 1 branch of the dungeon, and saw 3 of its levels.

You collected 118 gold pieces.

Inventory:

Hand Weapons
 j - a +0 short sword (weapon)
 l - a cursed +0 club
Missiles
 h - 144 stones
 i - 298 poisoned needles
 k - 2 throwing nets (quivered) {!f}
Armour
 a - a +1 robe (worn)
 b - a +1 hat (worn)
 c - a +1 robe
 d - a +1 robe
Scrolls
 m - 2 scrolls of remove curse {unknown}
 o - a scroll of enchant weapon {unknown}
 p - a scroll of magic mapping {unknown}
Potions
 n - a potion of mutation {unknown}
 q - a potion of degeneration {unknown}
Books
 e - a manual of Axes
Miscellaneous
 f - an ancient crate
Comestibles
 g - 3 rations {!d}
 r - a chunk of flesh


   Skills:
 - Level 2.4 Fighting
 * Level 1.3(1.5) Axes
 - Level 1.0(1.4) Maces & Flails
 - Level 1.0 Throwing
 - Level 3.0 Dodging
 - Level 2.4 Stealth


You had 2 spell levels left.
You didn't know any spells.
Your spell library was empty.

Dungeon Overview and Level Annotations

Branches:
Dungeon (3/12)

Altars:


Innate Abilities, Weirdness & Mutations

You are too large for most types of armour.
You have tough skin. (AC +1)


Message History

The leopard gecko misses you.
The hobgoblin hits you but does no damage.
The giant cockroach barely misses you. The leopard gecko bites you.
* * * LOW HITPOINT WARNING * * *
You closely miss the hobgoblin.
The hobgoblin is heavily wounded.
The giant cockroach barely misses you. The hobgoblin hits you with a +0 club.
* * * LOW HITPOINT WARNING * * *
The leopard gecko bites you.
* * * LOW HITPOINT WARNING * * *
You hit the hobgoblin.
The hobgoblin is almost dead.
The giant cockroach barely misses you. The hobgoblin hits you with a +0 club.
* * * LOW HITPOINT WARNING * * *
The leopard gecko bites you but does no damage.
The giant cockroach closely misses you.
You closely miss the hobgoblin.
The hobgoblin is almost dead.
The leopard gecko misses you. The hobgoblin hits you with a +0 club.
You die...

#### ..b
#s######.#
#l@gb....#
#####....#
####


You could see a leopard gecko, a giant cockroach, a hobgoblin and 2 bats.

Vanquished Creatures
  A dart slug (D:1)
  3 leopard geckos
  A ball python (D:1)
  A giant cockroach (D:1)
  5 goblins (D:1)
  2 hobgoblins (D:1)
  3 kobolds (D:1)
  3 bats (D:1)
  2 frilled lizards (D:1)
  4 rats (D:1)
25 creatures vanquished.

Notes
Turn   | Place    | Note
-------+----------+-------------------------------------------
     0 | D:1      | Lexodia the Ogre Archaeologist began the quest for the Orb.
     0 | D:1      | Reached XP level 1. HP: 19/19 MP: 1/1
   119 | D:1      | Reached XP level 2. HP: 28/28 MP: 2/2
   167 | D:1      | Reached skill level 3 in Dodging
   515 | D:1      | Reached skill level 1 in Throwing
   741 | D:1      | Reached skill level 1 in Maces & Flails
   741 | D:1      | Reached XP level 3. HP: 33/36 MP: 3/3
   862 | D:1      | Reached skill level 1 in Axes
   972 | D:3      | Slain by a hobgoblin

Skill      XL: |  1  2  3 |
---------------+----------+-----
Fighting       | 2 |  2.4
Dodging        | 3 |  3.0
Throwing       | 1 |  1.0
Maces & Flails | 1 |  1.0
Axes           | 1 |  1.3
Stealth        | |  2.4

Action                   || total
-------------------------++-------
Melee: Unarmed           ||    38
       Short sword       ||    84
Armor: Robe              ||    63
Dodge: Dodged            ||   107
